 Dungeon Crawl Stone Soup version 0.26.1-11-gd32895ea62 (webtiles) character file.

Game seed: 5207296646547690534

1691 Zeld the Cruncher (level 9, -6/54 HPs)
             Began as an Octopode Gladiator on May 22, 2021.
             Mangled by a lemure (7 damage)
             ... led by Pikel
             ... on level 5 of the Dungeon.
             The game lasted 00:07:54 (10575 turns).

Zeld the Cruncher (Octopode Gladiator)             Turns: 10575, Time: 00:07:55

Health: -6/54      AC:  1    Str: 14 (16) XL:     9   Next: 2%
Magic:  9/9        EV: 14    Int:  9 (11) God:
Gold:   118        SH:  0    Dex: 12 (13) Spells: 8/8 levels left

rFire    . . .     SeeInvis .   a - +0 quarterstaff
rCold    . . .     Faith    .   (shield currently unavailable)
rNeg     . . .     Spirit   .   b - +0 hat
rPois    .         Reflect  .   (no amulet)
rElec    .         Harm     .   (no ring)
rCorr    .         Rampage  .   (no ring)
Will     .....                  (no ring)
Stlth    ++........             (no ring)
HPRegen  0.18/turn              (no ring)
MPRegen  0.11/turn              (no ring)
                                (no ring)
                                (no ring)

@: no status effects
A: almost no armour, stealthy swim, amphibious, 8 rings, constrict 8, camouflage
1, gelatinous body 1
a: no special abilities


You were on level 5 of the Dungeon.
You visited 1 branch of the dungeon, and saw 6 of its levels.
You also visited: Ossuary.

You collected 218 gold pieces.
You spent 100 gold pieces at shops.

Inventory:

Hand Weapons
 a - a +0 quarterstaff (weapon)
Missiles
 c - 4 throwing nets
 f - 14 boomerangs
 A - 18 poisoned darts (quivered)
 G - 8 curare-tipped darts
Armour
 b - a +0 hat (worn)
Jewellery
 h - an uncursed ring of willpower {unknown}
Wands
 y - a wand of iceblast (4)
 B - a wand of flame (6)
Scrolls
 e - 4 scrolls of remove curse
 i - 2 scrolls of enchant weapon {unknown}
 j - a scroll of amnesia {unknown}
 k - 3 scrolls of identify {unknown}
 n - 2 scrolls of fear {unknown}
 q - 3 scrolls of noise {unknown}
 v - 2 scrolls of immolation {unknown}
 C - a scroll of blinking {unknown}
 E - a scroll of teleportation {unknown}
 F - a scroll of holy word {unknown}
 H - a scroll of magic mapping {unknown}
 J - a scroll of fog {unknown}
Potions
 d - a potion of cancellation {unknown}
 g - 2 potions of heal wounds {unknown}
 l - 3 potions of haste {unknown}
 m - 3 potions of lignification {unknown}
 o - 2 potions of mutation {unknown}
 p - 3 potions of curing
 s - 8 potions of degeneration
 t - a potion of flight {unknown}
 u - a potion of berserk rage {unknown}
 w - a potion of brilliance {unknown}
 x - 2 potions of might {unknown}
 z - a potion of ambrosia {unknown}
 D - 2 potions of resistance {unknown}


   Skills:
 - Level 2.0 Fighting
 * Level 11.4 Staves
 - Level 2.0 Throwing
 - Level 3.0 Dodging


You had 8 spell levels left.
You didn't know any spells.
Your spell library was empty.

Dungeon Overview and Level Annotations

Branches:
Dungeon (6/15)            Ossuary (visited)
 Temple: D:4-7

Altars:
Cheibriados
Fedhas
Makhleb
Uskayaw
Yredelemnul

Shops:
D:4 !((

Annotations:
D:5 Pikel
D:6 3 runed translucent doors


Innate Abilities, Weirdness & Mutations

You cannot wear most types of armour.
You are very stealthy in the water. (Stealth+)
You are amphibious.
You can wear up to eight rings at the same time.
You can use your tentacles to constrict eight enemies at once.
Your skin changes colour to match your surroundings (Stealth+).
Your rubbery body absorbs attacks. (AC +1, EV +1)


Message History

The lemure hits you.
* * * LOW HITPOINT WARNING * * *
Pikel closely misses you.
It was a potion of degeneration.
There was something very wrong with that liquid.
You feel weakened.
You feel dopey.
You feel clumsy. The centaur barely misses you. The lemure closely misses you.
The centaur hits you.
* * * LOW HITPOINT WARNING * * *
Pikel hits you but does no damage.
You feel better. The centaur hits you!
* * * LOW HITPOINT WARNING * * *
The lemure hits you.
* * * LOW HITPOINT WARNING * * *
Pikel barely misses you.
Okay, then.
As you read the scroll labelled HIXKICADWO, it crumbles to dust.
You feel blessed for a moment.
It was a scroll of remove curse.
The centaur misses you. The lemure hits you!
You die...

#.# #####.#########.#.##.## #.#
#.#....g.g....##.## #.#
#.#.#######.####... ##.## #.#.#
#.#...... #.#.###########.#.#
#...#....
.###..........#.#)#######...#...#
#.#.#########.#...........#####.#
##.##########)###5#######...#...#
#.# #........=K@c# ###.#.###
#.###.######.#############...# #
#.....# #................##
####### ##################


You could see Pikel, a lemure and a centaur.

Vanquished Creatures
  Sigmund (D:4)
  Duvessa (D:4)
  An ice beast (D:5)
  3 ogres (D:5)
  2 bullfrogs
  Dowan (D:4)
  A scorpion (D:5)
  A howler monkey (D:5)
  2 centaur skeletons (D:5)
  A gnoll shaman (D:5)
  A hound (D:4)
  2 orc priests
  3 human zombies (Ossuary)
  Ijyb (D:4)
  2 orc wizards
  4 worker ants
  A hound skeleton (D:4)
  4 mummies (Ossuary)
  A howler monkey zombie (D:3)
  12 adders
  3 gnolls (D:5)
  A shadow imp (D:5)
  A white imp (D:5)
  An ooze (D:1)
  3 dart slugs
  4 worms
  8 leopard geckos
  15 orcs
  3 ball pythons
  5 giant cockroaches
  2 gnoll zombies (Ossuary)
  9 goblins
  11 hobgoblins
  4 jackals
  2 quokkas
  4 bats
  4 frilled lizards
  A goblin zombie (Ossuary)
  3 kobolds
  A leopard gecko skeleton (D:5)
  2 orc zombies (Ossuary)
  8 rats
140 creatures vanquished.

Notes
Turn   | Place    | Note
-------+----------+-------------------------------------------
     0 | D:1      | Zeld the Octopode Gladiator began the quest for the Orb.
     0 | D:1      | Reached XP level 1. HP: 14/14 MP: 1/1
   189 | D:1      | Reached XP level 2. HP: 19/19 MP: 2/2
   620 | D:1      | Reached skill level 4 in Staves
   652 | D:1      | Reached XP level 3. HP: 21/24 MP: 3/3
  1399 | D:2      | Reached XP level 4. HP: 23/29 MP: 4/4
  1491 | D:2      | Reached skill level 5 in Staves
  1949 | D:2      | Found a burning altar of Makhleb.
  1949 | D:2      | Found a basalt altar of Yredelemnul.
  2030 | D:2      | Found a hide-covered altar of Uskayaw.
  2031 | D:2      | Found a blossoming altar of Fedhas.
  2697 | D:3      | Reached XP level 5. HP: 24/34 MP: 5/5
  3101 | D:3      | Found a snail-covered altar of Cheibriados.
  3256 | D:3      | Reached skill level 6 in Staves
  3668 | D:4      | Found Ovvop's Antique Weapon Shop.
  3744 | D:4      | Found a sand-covered staircase.
  3748 | D:4      | Noticed Duvessa
  3751 | Ossuary  | Entered an ossuary
  3821 | Ossuary  | Reached XP level 6. HP: 30/39 MP: 6/6
  4392 | Ossuary  | Reached skill level 7 in Staves
  4950 | D:4      | Found Wavaruw's Weapon Emporium.
  5014 | D:4      | Bought 18 poisoned darts for 100 gold pieces
  5043 | D:4      | Noticed Ijyb
  5049 | D:4      | Killed Ijyb
  5308 | D:4      | Noticed Sigmund
  5316 | D:4      | Killed Sigmund
  5317 | D:4      | Reached skill level 8 in Staves
  5317 | D:4      | Reached XP level 7. HP: 23/45 MP: 7/7
  5525 | D:4      | Found Recuun's Distillery.
  5777 | D:4      | Noticed Dowan
  5926 | D:4      | Killed Duvessa
  6242 | D:4      | Killed Dowan
  6243 | D:4      | Reached skill level 9 in Staves
  6489 | D:5      | Entered Level 5 of the Dungeon
  6714 | D:5      | Reached XP level 8. HP: 22/50 MP: 8/8
  7814 | D:5      | Reached skill level 10 in Staves
  9209 | D:5      | Reached skill level 11 in Staves
 10198 | D:6      | Found a runed translucent gate.
 10198 | D:6      | Found a runed translucent gate.
 10198 | D:6      | Found a runed translucent gate.
 10202 | D:6      | Noticed Pikel
 10222 | D:5      | Reached XP level 9. HP: 10/54 MP: 9/9
 10574 | D:5      | HP: 1/54 [lemure[Pikel] (5)]
 10575 | D:5      | Mangled by a lemure

Illustrated notes

Levels and vault maps discovered:
D:1:      lightli_arrival_flooded_house, layout_loops_cross
D:2:      minmay_chambers_of_twos, layout_loops_ring,
          grunt_temple_overflow_open, gammafunk_temple_overflow_pools,
          kennysheep_generic_room_10
D:3:      layout_basic, cheibriados_altar_1, kennysheep_generic_room_16
D:4:      layout_loops_corners, serial_shops, shop, shop, shop_fountains,
          nicolae_ossuary_entry_false_entrances, uniq_duvessa, uniq_ijyb,
          uniq_sigmund
D:5:      layout_loops_ring, corexii_leaking_fountain
D:6:      layout_rooms, lemuel_temple_firewalk_a, gammafunk_ghost_icy,
          basic_altar, uniq_blork_the_orc, uniq_pikel, uniq_eustachio

Skill      XL: |  1  2  3  4  5  6  7  8 |
---------------+-------------------------+-----
Staves         | 4 5 6 8 9 11 | 11.4
Fighting       | |  2.0
Throwing       | |  2.0
Dodging        | |  3.0

Action                   |  1- 3 |  4- 6 |  7- 9 || total
-------------------------+-------+-------+-------++-------
Melee: Quarterstaff      |    58 |   152 |   175 ||   385
       Constrict         |    13 |    42 |    34 ||    89
       Tentacles         |     5 |    36 |    32 ||    73
  Use: Scroll            |       |       |     2 ||     2
       Potion            |       |       |     3 ||     3
 Stab: Sleeping          |     5 |     9 |     4 ||    18
       Distracted        |       |     1 |     1 ||     2
Armor: Skin              |     4 |     7 |     5 ||    16
Dodge: Dodged            |    40 |   106 |   118 ||   264
